Predators vs Rangers
Created - April 7, 2020 at 19:25
Goals
|
| Predators |
0 |
3 |
1 |
4 |
| Rangers |
3 |
3 |
4 |
10 |
|
Shots
|
| Predators |
13 |
12 |
7 |
32 |
| Rangers |
16 |
14 |
14 |
44 |
|
1st period
1. Rangers , Milan Lucic 42 (Jakob Silfverberg 42) at 7:09
2. Rangers , Milan Lucic 43 (Jakob Silfverberg 43) at 7:15
3. Rangers , Jakob Silfverberg 33 (Milan Lucic 51, Tomas Hertl 18) at 16:30
Penalties :
Maxim Afinogenov (Nas) for Boarding (Minor) at 6:31, James Neal (NYR) for Holding (Minor) at 6:54, Viktor Fasth (Nas) for Delaying the game (Minor) at 16:41 - Alexander Ovechkin served the penalty
2nd period
4. Predators , John Moore 7 (Niclas Bergfors 25, Justin Faulk 15) at 1:17
5. Rangers , Cam Barker 5 (Milan Lucic 52) at 8:17 (SH)
6. Rangers , Seth Griffith 1 (Magnus Paajarvi-Svensson 6, Mark Fistric 17) at 12:03
7. Predators , Alexander Edler 15 (Alexander Ovechkin 55, Mikael Granlund 43) at 17:10 (PP)
8. Predators , Niclas Bergfors 28 (Ryan Kesler 31) at 18:22
9. Rangers , Jakob Silfverberg 34 (Maxime Sauvé 10, Cam Barker 31) at 19:58 (PP)
Penalties :
Nik Antropov (Nas) for Cross-checking (Minor) at 5:00, Colten Teubert (NYR) for Cross-checking (Minor) at 8:08, Matt Greene (NYR) for Hooking (Minor) at 16:56, Alexander Ovechkin (Nas) for Holding (Minor) at 18:27
3rd period
10. Rangers , James Neal 22 (Kyle Okposo 19) at 3:33
11. Rangers , Milan Lucic 44 (Jakob Silfverberg 44, Magnus Paajarvi-Svensson 7) at 13:21
12. Predators , Alexander Ovechkin 29 (Mikael Granlund 44) at 16:13
13. Rangers , Tomas Hertl 13 (Milan Lucic 53, Mark Fistric 18) at 16:58
14. Rangers , Kyle Okposo 23 (Milan Lucic 54) at 17:36 (PP)
Penalties :
Alexander Steen (Nas) for Tripping (Minor) at 4:40, Justin Faulk (Nas) for Roughing (Minor) at 17:20, James Neal (NYR) for Tripping (Minor) at 18:25
Goalie Stats
Anders Lindback (Nas), 17 saves from 22 shots - (0.773), 27:57 minutes
Viktor Fasth (Nas), 17 saves from 22 shots - (0.773), L, 28-18-6, 32:03 minutes
Mike Condon (NYR), 28 saves from 32 shots - (0.875), W, 4-6-2, 60:00 minutes
Players Stats for Predators
Player Name G A P +/- PIM S H SB GA TA FO MP PP MP PK MP
------------------------------------------------------------------------------------
Alex Killorn 0 0 0 1 0 0 1 0 0 0 0/1 15:52 1:38 0:09
Alexander Edler 1 0 1 -5 0 3 0 2 0 1 0/0 28:37 2:00 4:33
Alexander Ovechkin 1 1 2 -2 2 4 1 1 0 0 1/6 22:30 2:16 2:40
Alexander Steen 0 0 0 -2 2 3 3 0 0 0 0/0 10:38 0:00 1:10
Andy Miele 0 0 0 0 0 2 0 0 0 1 0/2 7:13 0:00 1:33
Brendan Gallagher 0 0 0 -2 0 0 1 0 0 2 0/0 15:13 0:00 4:49
Denis Grebeshkov 0 0 0 0 0 0 0 1 0 1 0/0 12:46 2:10 0:00
George Parros 0 0 0 0 0 0 1 0 0 0 0/0 5:40 0:00 0:00
John Moore 1 0 1 -1 0 3 0 3 0 1 0/0 21:42 2:10 3:34
Justin Abdelkader 0 0 0 0 0 1 0 0 0 0 0/3 8:12 0:00 2:25
Justin Faulk 0 1 1 0 2 0 0 1 0 2 0/0 14:18 0:00 0:00
Maxim Afinogenov 0 0 0 -2 2 1 3 0 0 0 2/3 20:31 2:32 1:33
Mikael Granlund 0 2 2 -2 0 3 0 1 0 0 18/34 20:24 2:16 1:41
Nate Schmidt 0 0 0 1 0 1 0 2 0 0 0/0 13:59 0:00 3:34
Niclas Bergfors 1 1 2 -1 0 5 2 1 1 0 0/2 17:06 1:54 0:00
Nik Antropov 0 0 0 -2 2 0 1 0 0 0 2/8 9:48 0:00 0:14
Ryan Kesler 0 1 1 -1 0 4 3 0 1 0 4/11 17:06 1:54 0:00
Ryan Mcdonagh 0 0 0 -5 0 2 4 2 2 0 0/0 28:37 2:00 4:33
Players Stats for Rangers
Player Name G A P +/- PIM S H SB GA TA FO MP PP MP PK MP
------------------------------------------------------------------------------------
Artem Anisimov 0 0 0 -2 0 0 0 0 0 0 2/3 14:40 3:43 0:00
Cam Barker 1 1 2 0 0 3 2 1 1 1 0/0 28:27 3:43 2:27
Chris Bourque 0 0 0 -2 0 4 2 0 0 0 0/1 15:15 3:55 0:54
Colten Teubert 0 0 0 0 2 0 0 1 0 1 0/0 10:30 0:00 0:00
Jakob Silfverberg 2 3 5 4 0 7 3 1 0 0 3/6 21:44 3:55 1:10
James Neal 1 0 1 1 4 7 2 1 0 0 0/0 18:09 4:23 0:37
Kyle Okposo 1 1 2 2 0 5 0 0 0 0 2/2 20:02 4:01 2:23
Luke Schenn 0 0 0 0 0 4 2 1 1 0 0/0 27:47 4:24 2:13
Magnus Paajarvi-Svensson 0 2 2 1 0 1 0 0 1 1 0/0 7:36 0:11 0:00
Mark Fistric 0 2 2 5 0 0 0 1 0 0 0/0 16:47 0:00 1:57
Matt Greene 0 0 0 5 2 2 0 1 0 0 0/0 16:32 0:00 1:43
Matt Read 0 0 0 -2 0 0 2 0 1 0 0/0 10:31 0:11 0:00
Maxime Sauvé 0 1 1 1 0 1 1 0 0 1 9/16 16:36 3:55 0:00
Milan Lucic 3 4 7 5 0 6 2 1 4 0 4/7 23:53 4:01 2:25
Patrik Nemeth 0 0 0 0 0 0 0 1 0 0 0/0 10:31 0:00 0:00
Seth Griffith 1 0 1 1 0 1 0 0 0 0 2/3 7:50 0:11 0:14
Steve Quailer 0 0 0 1 0 1 0 1 0 0 0/1 7:06 0:00 0:00
Tomas Hertl 1 1 2 2 0 2 0 0 0 0 21/31 20:14 4:01 0:37
3 Stars
1 - Milan Lucic (NYR)
2 - Jakob Silfverberg (NYR)
3 - Mark Fistric (NYR)
Power Play
Predators - 1 on 4 Attempt(s) - 25.00%
Rangers - 2 on 6 Attempt(s) - 33.33%
Penalty Kill
Predators - 4 on 6 Attempt(s) - 66.67%
- Score 0 goal in Penalty Kill
Rangers - 3 on 4 Attempt(s) - 75.00%
- Score 1 goal in Penalty Kill
Team Stat
Predators - Hits : 20 - Faceoff Wins : 27 - Blocked Shots : 14 - Penalty Minutes : 12
Rangers - Hits : 16 - Faceoff Wins : 43 - Blocked Shots : 10 - Penalty Minutes : 8
Official
Referees : Unknown
Linesman : Unknown
Game Notes
Anders Lindback enters game at 12:03 of 2nd period
Milan Lucic has scored a Hat Trick!
Finance
Level 1 -- Attendance: 6000 (100.00%) -- Ticket Income $570,000
Level 2 -- Attendance: 4623 (92.46%) -- Ticket Income $277,380
Level 3 -- Attendance: 2000 (100.00%) -- Ticket Income $70,000
Level 4 -- Attendance: 4000 (100.00%) -- Ticket Income $100,000
Luxury Box -- Attendance: 1000 (100.00%) -- Ticket Income $180,000
Game was played at the Madison Square Garden.
Total Attendance: 17623 (97.91%)
Total Ticket Income: $1,197,380
Other Income: $179,607
Total Income: $1,376,987
Predators
5 vs 5 Forward
Center Left Wing Right Wing Time % Phy DF OF
1 Mikael Granlund Alexander Ovechkin Maxim Afinogenov 40 1 2 2
2 Ryan Kesler Alex Killorn Niclas Bergfors 30 1 2 2
3 Nik Antropov Alexander Steen Brendan Gallagher 20 1 2 2
4 Andy Miele Justin Abdelkader George Parros 10 2 2 1
5 vs 5 Defense
Defense Defense Time % Phy DF OF
1 Ryan Mcdonagh Alexander Edler 40 1 2 2
2 John Moore Justin Faulk 30 1 2 2
3 Nate Schmidt Denis Grebeshkov 20 1 2 2
4 Ryan Mcdonagh Alexander Edler 10 1 2 2
PowerPlay Forward
Center Left Wing Right Wing Time % Phy DF OF
1 Mikael Granlund Alexander Ovechkin Maxim Afinogenov 60 1 0 4
2 Ryan Kesler Alex Killorn Niclas Bergfors 40 1 0 4
PowerPlay Defense
Defense Defense Time % Phy DF OF
1 Ryan Mcdonagh Alexander Edler 60 1 1 3
2 John Moore Denis Grebeshkov 40 1 1 3
Penalty Kill 4 Players Forward
Center Wing Time % Phy DF OF
1 Alexander Ovechkin Brendan Gallagher 60 1 2 2
2 Andy Miele Maxim Afinogenov 40 1 2 2
Penalty Kill 4 Players Defense
Defense Defense Time % Phy DF OF
1 Ryan Mcdonagh Alexander Edler 60 1 3 1
2 John Moore Nate Schmidt 40 1 3 1
Penalty Kill - 3 Players Forward
Forward Time % Phy DF OF
1 Andy Miele 60 1 2 2
2 Alexander Ovechkin 40 1 2 2
Penalty Kill - 3 Players Defense
Defense Defense Time % Phy DF OF
1 Ryan Mcdonagh Alexander Edler 60 1 2 2
2 John Moore Nate Schmidt 40 1 2 2
4 vs 4 Forward
Center Wing Time % Phy DF OF
1 Ryan Kesler Niclas Bergfors 60 1 2 2
2 Alexander Ovechkin Brendan Gallagher 40 1 2 2
4 vs 4 Defense
Defense Defense Time % Phy DF OF
1 Ryan Mcdonagh Alexander Edler 60 1 2 2
2 John Moore Denis Grebeshkov 40 1 2 2
Last Minutes Offensive
Center Left Wing Right Wing Defense Defense
Mikael Granlund Alexander Ovechkin Niclas Bergfors Ryan Mcdonagh Alexander Edler
Last Minutes Defensive
Center Left Wing Right Wing Defense Defense
Ryan Kesler Alexander Ovechkin Andy Miele Ryan Mcdonagh John Moore
Goaltenders
Starting : Viktor Fasth
Backup : Anders Lindback
Extra Forwards
Normal : Justin Abdelkader, Andy Miele, Maxim Afinogenov - PP : Justin Abdelkader, Andy Miele - PK : Justin Abdelkader
Extra Defensemen
Normal : Justin Faulk, Nate Schmidt, Denis Grebeshkov - PP : Denis Grebeshkov - PK : Justin Faulk, Nate Schmidt
Penalty Shots
Ryan Kesler, Niclas Bergfors, Alexander Ovechkin, Mikael Granlund, Maxim Afinogenov
Scratches
Byron Bitz (Broken Bone (Right Arm) Injury), Dmitri Kalinin (Healthy)
Rangers
5 vs 5 Forward
Center Left Wing Right Wing Time % Phy DF OF
1 Tomas Hertl Milan Lucic Jakob Silfverberg 40 1 2 2
2 Maxime Sauvé James Neal Kyle Okposo 30 1 2 2
3 Artem Anisimov Chris Bourque Matt Read 20 1 2 2
4 Seth Griffith Magnus Paajarvi-Svensson Steve Quailer 10 1 2 2
5 vs 5 Defense
Defense Defense Time % Phy DF OF
1 Luke Schenn Cam Barker 40 1 2 2
2 Mark Fistric Matt Greene 30 1 2 2
3 Colten Teubert Patrik Nemeth 20 1 2 2
4 Luke Schenn Cam Barker 10 1 2 2
PowerPlay Forward
Center Left Wing Right Wing Time % Phy DF OF
1 Tomas Hertl Milan Lucic Kyle Okposo 60 1 2 2
2 Maxime Sauvé Chris Bourque Jakob Silfverberg 40 1 2 2
PowerPlay Defense
Defense Defense Time % Phy DF OF
1 Luke Schenn James Neal 60 1 2 2
2 Cam Barker Artem Anisimov 40 1 2 2
Penalty Kill 4 Players Forward
Center Wing Time % Phy DF OF
1 Milan Lucic Kyle Okposo 60 1 2 2
2 Jakob Silfverberg James Neal 40 1 2 2
Penalty Kill 4 Players Defense
Defense Defense Time % Phy DF OF
1 Luke Schenn Cam Barker 60 1 2 2
2 Mark Fistric Matt Greene 40 1 2 2
Penalty Kill - 3 Players Forward
Forward Time % Phy DF OF
1 Jakob Silfverberg 60 1 2 2
2 Milan Lucic 40 1 2 2
Penalty Kill - 3 Players Defense
Defense Defense Time % Phy DF OF
1 Luke Schenn Cam Barker 60 1 2 2
2 Mark Fistric Matt Greene 40 1 2 2
4 vs 4 Forward
Center Wing Time % Phy DF OF
1 Jakob Silfverberg Milan Lucic 60 1 2 2
2 Kyle Okposo Chris Bourque 40 1 2 2
4 vs 4 Defense
Defense Defense Time % Phy DF OF
1 Mark Fistric Matt Greene 60 1 2 2
2 Colten Teubert Patrik Nemeth 40 1 2 2
Last Minutes Offensive
Center Left Wing Right Wing Defense Defense
Milan Lucic Jakob Silfverberg Kyle Okposo Mark Fistric Matt Greene
Last Minutes Defensive
Center Left Wing Right Wing Defense Defense
Milan Lucic Jakob Silfverberg Kyle Okposo Mark Fistric Matt Greene
Goaltenders
Starting : Mike Condon
Backup : Frederik Andersen
Extra Forwards
Normal : Maxime Sauvé, Tomas Hertl, Artem Anisimov - PP : Milan Lucic, Jakob Silfverberg - PK : Kyle Okposo
Extra Defensemen
Normal : Matt Greene, Luke Schenn, Cam Barker - PP : Mark Fistric - PK : Matt Greene, Mark Fistric
Penalty Shots
Maxime Sauvé, Tomas Hertl, Artem Anisimov, Milan Lucic, Jakob Silfverberg
Scratches
Sean Couturier (Separated Right Shoulder Injury), Alexei Emelin (Healthy), Patrice Bergeron (Strained Right Knee Injury)
% Time on Ice - Predators
Lines # - Real PCT - Wanted PCT - Time Play
Normal Forward
1 - 37% - 40% - 17:06
2 - 31% - 30% - 14:05
3 - 20% - 20% - 9:16
4 - 12% - 10% - 5:40
Normal Defense
1 - 41% - 40% - 18:55
2 - 33% - 30% - 15:21
3 - 21% - 20% - 9:41
4 - 5% - 10% - 2:10
PP Forward
1 - 61% - 60% - 2:32
2 - 39% - 40% - 1:38
PP Defense
1 - 48% - 60% - 2:00
2 - 52% - 40% - 2:10
PK Forward
1 - 81% - 60% - 6:34
2 - 19% - 40% - 1:33
PK Defense
1 - 56% - 60% - 4:33
2 - 44% - 40% - 3:34
PK3 Forward
1 - 0% - 60%
2 - 0% - 40%
PK3 Defense
1 - 0% - 60%
2 - 0% - 40%
44 Forward
1 - 70% - 60% - 1:07
2 - 30% - 40% - 0:29
44 Defense
1 - 61% - 60% - 0:59
2 - 39% - 40% - 0:37
Last Minute Offensive - 0:00
Last Minute Defensive - 0:00
Total
Forward - 60:00
Defense - 60:00
|
% Time on Ice - Rangers
Lines # - Real PCT - Wanted PCT - Time Play
Normal Forward
1 - 36% - 40% - 16:35
2 - 27% - 30% - 12:25
3 - 22% - 20% - 10:01
4 - 15% - 10% - 7:06
Normal Defense
1 - 43% - 40% - 19:36
2 - 32% - 30% - 14:59
3 - 22% - 20% - 9:58
4 - 3% - 10% - 1:34
PP Forward
1 - 52% - 60% - 4:12
2 - 48% - 40% - 3:55
PP Defense
1 - 54% - 60% - 4:24
2 - 46% - 40% - 3:43
PK Forward
1 - 78% - 60% - 3:16
2 - 22% - 40% - 0:54
PK Defense
1 - 60% - 60% - 2:29
2 - 40% - 40% - 1:41
PK3 Forward
1 - 0% - 60%
2 - 0% - 40%
PK3 Defense
1 - 0% - 60%
2 - 0% - 40%
44 Forward
1 - 74% - 60% - 1:11
2 - 26% - 40% - 0:25
44 Defense
1 - 66% - 60% - 1:03
2 - 34% - 40% - 0:33
Last Minute Offensive - 0:00
Last Minute Defensive - 0:00
Total
Forward - 60:00
Defense - 60:00
|
Play-by-Play
1st period
0:01 of 1st period - Mikael Granlund wins face-off versus Tomas Hertl in neutral zone.
1:16 of 1st period - Snap shot by Andy Miele.
1:16 of 1st period - Shot Misses the Net.
1:40 of 1st period - Slapshot by Alexander Edler.
1:40 of 1st period - Shot Blocked by Milan Lucic.
1:58 of 1st period - Snap shot by James Neal.
1:58 of 1st period - Stopped by Viktor Fasth with a rebound.
2:00 of 1st period - Wrist shot by Maxime Sauvé.
2:00 of 1st period - Stopped by Viktor Fasth with a rebound.
2:20 of 1st period - John Moore is hit by Luke Schenn and loses puck.
2:39 of 1st period - Wrist shot by Justin Abdelkader.
2:39 of 1st period - Stopped by Mike Condon without a rebound.
2:40 of 1st period - Tomas Hertl wins face-off versus Andy Miele in Rangers zone.
2:44 of 1st period - Off-side.
2:45 of 1st period - Mikael Granlund wins face-off versus Tomas Hertl in neutral zone.
4:14 of 1st period - Snap shot by Jakob Silfverberg.
4:14 of 1st period - Shot Misses the Net.
4:16 of 1st period - Snap shot by Tomas Hertl.
4:16 of 1st period - Stopped by Viktor Fasth with a rebound.
4:34 of 1st period - Backhand shot by James Neal.
4:34 of 1st period - Stopped by Viktor Fasth with a rebound.
4:36 of 1st period - Slapshot by Colten Teubert.
4:36 of 1st period - Deflect By James Neal.
4:36 of 1st period - Stopped by Viktor Fasth with a rebound.
4:44 of 1st period - Slapshot by James Neal.
4:44 of 1st period - Stopped by Viktor Fasth with a rebound.
4:54 of 1st period - Wrist shot by Ryan Kesler.
4:54 of 1st period - Stopped by Mike Condon with a rebound.
5:16 of 1st period - Icing by Colten Teubert.
5:17 of 1st period - Seth Griffith wins face-off versus Nik Antropov in Rangers zone.
5:17 of 1st period - Seth Griffith is hit by Ryan Mcdonagh.
5:36 of 1st period - Off-side.
5:37 of 1st period - Tomas Hertl wins face-off versus Alexander Ovechkin in neutral zone.
5:54 of 1st period - Snap shot by Alexander Ovechkin.
5:54 of 1st period - Stopped by Mike Condon with a rebound.
6:05 of 1st period - Icing by Alexander Edler.
6:06 of 1st period - Maxime Sauvé wins face-off versus Ryan Kesler in Predators zone.
6:22 of 1st period - Off-side.
6:23 of 1st period - Tomas Hertl wins face-off versus Mikael Granlund in neutral zone.
6:31 of 1st period - Minor Penalty to Maxim Afinogenov for Boarding.
6:32 of 1st period - Alexander Ovechkin wins face-off versus Tomas Hertl in Predators zone.
6:54 of 1st period - Minor Penalty to James Neal for Holding.
6:55 of 1st period - Jakob Silfverberg wins face-off versus Ryan Kesler in Rangers zone.
6:55 of 1st period - Jakob Silfverberg is hit by Ryan Mcdonagh.
7:09 of 1st period - Wrist shot by Milan Lucic.
7:09 of 1st period - Goal by Milan Lucic - Predators : 0 - Rangers : 1.
7:10 of 1st period - Jakob Silfverberg wins face-off versus Ryan Kesler in neutral zone.
7:15 of 1st period - Wrist shot by Milan Lucic.
7:15 of 1st period - Goal by Milan Lucic - Predators : 0 - Rangers : 2.
7:16 of 1st period - Ryan Kesler wins face-off versus Jakob Silfverberg in neutral zone.
7:25 of 1st period - Snap shot by Ryan Kesler.
7:25 of 1st period - Deflect By Niclas Bergfors.
7:25 of 1st period - Stopped by Mike Condon without a rebound.
7:26 of 1st period - Jakob Silfverberg wins face-off versus Ryan Kesler in Rangers zone.
7:41 of 1st period - Wrist shot by Niclas Bergfors.
7:41 of 1st period - Shot Misses the Net.
7:51 of 1st period - Wrist shot by Niclas Bergfors.
7:51 of 1st period - Stopped by Mike Condon with a rebound.
7:53 of 1st period - Slapshot by Alexander Edler.
7:53 of 1st period - Stopped by Mike Condon without a rebound.
7:54 of 1st period - Milan Lucic wins face-off versus Niclas Bergfors in Rangers zone.
8:31 of 1st period - Penalty to Maxim Afinogenov is over, Maxim Afinogenov is back on ice.
8:35 of 1st period - Milan Lucic is hit by Niclas Bergfors and loses puck.
8:44 of 1st period - Wrist shot by Niclas Bergfors.
8:44 of 1st period - Shot Misses the Net.
8:46 of 1st period - Snap shot by Ryan Kesler.
8:46 of 1st period - Stopped by Mike Condon without a rebound.
8:47 of 1st period - Maxim Afinogenov wins face-off versus Milan Lucic in Rangers zone.
8:54 of 1st period - Penalty to James Neal is over, James Neal is back on ice.
8:57 of 1st period - Icing by Luke Schenn.
8:58 of 1st period - Ryan Kesler wins face-off versus Milan Lucic in Rangers zone.
8:59 of 1st period - Snap shot by Niclas Bergfors.
8:59 of 1st period - Stopped by Mike Condon with a rebound.
9:33 of 1st period - Wrist shot by Milan Lucic.
9:33 of 1st period - Deflect By Kyle Okposo.
9:33 of 1st period - Stopped by Viktor Fasth without a rebound.
9:34 of 1st period - Mikael Granlund wins face-off versus Chris Bourque in Predators zone.
9:34 of 1st period - Mikael Granlund is hit by Matt Read.
10:51 of 1st period - Snap shot by Mikael Granlund.
10:51 of 1st period - Shot Blocked by Luke Schenn.
11:44 of 1st period - Slapshot by Matt Read.
11:44 of 1st period - Shot Misses the Net.
11:58 of 1st period - Wrist shot by James Neal.
11:58 of 1st period - Shot Misses the Net.
12:18 of 1st period - Brendan Gallagher is hit by Milan Lucic and loses puck.
13:17 of 1st period - Wrist shot by Jakob Silfverberg.
13:17 of 1st period - Deflect By Milan Lucic.
13:17 of 1st period - Shot Misses the Net.
13:17 of 1st period - Puck is out of play.
13:18 of 1st period - Tomas Hertl wins face-off versus Nik Antropov in Predators zone.
13:29 of 1st period - Snap shot by Jakob Silfverberg.
13:29 of 1st period - Shot Misses the Net.
13:31 of 1st period - Slapshot by Luke Schenn.
13:31 of 1st period - Deflect By Alexander Edler.
13:31 of 1st period - Stopped by Viktor Fasth without a rebound.
13:32 of 1st period - Mikael Granlund wins face-off versus Maxime Sauvé in Predators zone.
13:41 of 1st period - Slapshot by Maxim Afinogenov.
13:41 of 1st period - Shot Blocked by Matt Greene.
13:43 of 1st period - Slapshot by Alexander Edler.
13:43 of 1st period - Shot Blocked by Mark Fistric.
13:45 of 1st period - Slapshot by Ryan Mcdonagh.
13:45 of 1st period - Stopped by Mike Condon without a rebound.
13:46 of 1st period - Mikael Granlund wins face-off versus Tomas Hertl in Rangers zone.
13:47 of 1st period - Wrist shot by Maxim Afinogenov.
13:47 of 1st period - Stopped by Mike Condon with a rebound.
13:59 of 1st period - Snap shot by Mikael Granlund.
13:59 of 1st period - Shot Misses the Net.
14:01 of 1st period - Snap shot by Alexander Ovechkin.
14:01 of 1st period - Deflect By Tomas Hertl.
14:01 of 1st period - Stopped by Mike Condon with a rebound.
14:03 of 1st period - Wrist shot by Mikael Granlund.
14:03 of 1st period - Stopped by Mike Condon with a rebound.
14:13 of 1st period - Luke Schenn is hit by Niclas Bergfors.
15:01 of 1st period - Slapshot by Matt Greene.
15:01 of 1st period - Shot Blocked by Nate Schmidt.
15:03 of 1st period - Snap shot by Magnus Paajarvi-Svensson.
15:03 of 1st period - Stopped by Viktor Fasth without a rebound.
15:04 of 1st period - Mikael Granlund wins face-off versus Tomas Hertl in Predators zone.
15:15 of 1st period - Slapshot by Jakob Silfverberg.
15:15 of 1st period - Shot Misses the Net.
15:17 of 1st period - Wrist shot by Jakob Silfverberg.
15:17 of 1st period - Stopped by Viktor Fasth with a rebound.
15:21 of 1st period - Snap shot by Milan Lucic.
15:21 of 1st period - Stopped by Viktor Fasth without a rebound.
15:22 of 1st period - Maxime Sauvé wins face-off versus Alex Killorn in Predators zone.
15:27 of 1st period - Slapshot by Kyle Okposo.
15:27 of 1st period - Shot Blocked by Nate Schmidt.
15:29 of 1st period - Slapshot by Kyle Okposo.
15:29 of 1st period - Stopped by Viktor Fasth without a rebound.
15:30 of 1st period - Maxime Sauvé wins face-off versus Ryan Kesler in Predators zone.
16:05 of 1st period - Snap shot by Mikael Granlund.
16:05 of 1st period - Stopped by Mike Condon with a rebound.
16:17 of 1st period - Slapshot by Artem Anisimov.
16:17 of 1st period - Deflect By Matt Read.
16:17 of 1st period - Shot Blocked by Alexander Edler.
16:17 of 1st period - Puck is out of play.
16:18 of 1st period - Nik Antropov wins face-off versus Artem Anisimov in Predators zone.
16:24 of 1st period - Off-side.
16:25 of 1st period - Tomas Hertl wins face-off versus Mikael Granlund in neutral zone.
16:30 of 1st period - Snap shot by Jakob Silfverberg.
16:30 of 1st period - Goal by Jakob Silfverberg - Predators : 0 - Rangers : 3.
16:31 of 1st period - Tomas Hertl wins face-off versus Mikael Granlund in neutral zone.
16:41 of 1st period - Slapshot by Luke Schenn.
16:41 of 1st period - Stopped by Viktor Fasth without a rebound.
16:41 of 1st period - Minor Penalty to Viktor Fasth for Delaying the game.
16:42 of 1st period - Tomas Hertl wins face-off versus Justin Abdelkader in Predators zone.
17:46 of 1st period - Mikael Granlund is hit by Jakob Silfverberg.
18:27 of 1st period - Icing by Maxime Sauvé.
18:28 of 1st period - Maxime Sauvé wins face-off versus Andy Miele in Rangers zone.
18:41 of 1st period - Penalty to Alexander Ovechkin is over, Alexander Ovechkin is back on ice.
19:14 of 1st period - Maxim Afinogenov is hit by Cam Barker and loses puck.
19:21 of 1st period - Cam Barker is hit by Ryan Mcdonagh and loses puck.
Goals for this period are 0 for Predators vs 3 for Rangers.
Shots for this period are 13 for Predators vs 16 for Rangers.
2nd period
0:01 of 2nd period - Tomas Hertl wins face-off versus Alexander Ovechkin in neutral zone.
0:28 of 2nd period - Snap shot by Chris Bourque.
0:28 of 2nd period - Stopped by Viktor Fasth without a rebound.
0:29 of 2nd period - Artem Anisimov wins face-off versus Ryan Kesler in Predators zone.
0:42 of 2nd period - Slapshot by Matt Read.
0:42 of 2nd period - Shot Misses the Net.
0:53 of 2nd period - Ryan Kesler is hit by Chris Bourque and loses puck.
1:05 of 2nd period - Snap shot by John Moore.
1:05 of 2nd period - Stopped by Mike Condon with a rebound.
1:07 of 2nd period - Slapshot by Justin Faulk.
1:07 of 2nd period - Shot Misses the Net.
1:13 of 2nd period - Slapshot by Niclas Bergfors.
1:13 of 2nd period - Shot Misses the Net.
1:15 of 2nd period - Slapshot by John Moore.
1:15 of 2nd period - Stopped by Mike Condon with a rebound.
1:17 of 2nd period - Slapshot by John Moore.
1:17 of 2nd period - Goal by John Moore - Predators : 1 - Rangers : 3.
1:18 of 2nd period - Milan Lucic wins face-off versus Mikael Granlund in neutral zone.
1:27 of 2nd period - Snap shot by Milan Lucic.
1:27 of 2nd period - Shot Misses the Net.
1:49 of 2nd period - Snap shot by Alexander Steen.
1:49 of 2nd period - Stopped by Mike Condon with a rebound.
1:51 of 2nd period - Slapshot by Ryan Mcdonagh.
1:51 of 2nd period - Stopped by Mike Condon with a rebound.
1:55 of 2nd period - Wrist shot by Brendan Gallagher.
1:55 of 2nd period - Shot Blocked by James Neal.
2:40 of 2nd period - Snap shot by Magnus Paajarvi-Svensson.
2:40 of 2nd period - Shot Misses the Net.
2:56 of 2nd period - Snap shot by Mikael Granlund.
2:56 of 2nd period - Stopped by Mike Condon without a rebound.
2:57 of 2nd period - Mikael Granlund wins face-off versus Maxime Sauvé in Rangers zone.
3:05 of 2nd period - Slapshot by Alexander Ovechkin.
3:05 of 2nd period - Shot Blocked by Patrik Nemeth.
3:36 of 2nd period - Snap shot by Milan Lucic.
3:36 of 2nd period - Stopped by Viktor Fasth with a rebound.
3:46 of 2nd period - Wrist shot by Magnus Paajarvi-Svensson.
3:46 of 2nd period - Shot Misses the Net.
4:28 of 2nd period - Mikael Granlund is hit by Cam Barker and loses puck.
4:37 of 2nd period - Wrist shot by Kyle Okposo.
4:37 of 2nd period - Stopped by Viktor Fasth without a rebound.
4:38 of 2nd period - Tomas Hertl wins face-off versus Nik Antropov in Predators zone.
5:00 of 2nd period - Minor Penalty to Nik Antropov for Cross-checking.
5:01 of 2nd period - Tomas Hertl wins face-off versus Alexander Ovechkin in Predators zone.
5:54 of 2nd period - Wrist shot by Andy Miele.
5:54 of 2nd period - Stopped by Mike Condon with a rebound.
7:00 of 2nd period - Penalty to Nik Antropov is over, Nik Antropov is back on ice.
7:09 of 2nd period - Magnus Paajarvi-Svensson is hit by Brendan Gallagher and loses puck.
7:16 of 2nd period - Slapshot by John Moore.
7:16 of 2nd period - Shot Blocked by Cam Barker.
7:18 of 2nd period - Slapshot by Nate Schmidt.
7:18 of 2nd period - Deflect By Artem Anisimov.
7:18 of 2nd period - Stopped by Mike Condon without a rebound.
7:19 of 2nd period - Maxime Sauvé wins face-off versus Niclas Bergfors in Rangers zone.
8:06 of 2nd period - Slapshot by Ryan Mcdonagh.
8:06 of 2nd period - Shot Blocked by Colten Teubert.
8:08 of 2nd period - Minor Penalty to Colten Teubert for Cross-checking.
8:09 of 2nd period - Milan Lucic wins face-off versus Mikael Granlund in Rangers zone.
8:09 of 2nd period - Milan Lucic is hit by Maxim Afinogenov.
8:17 of 2nd period - Snap shot by Cam Barker.
8:17 of 2nd period - Goal by Cam Barker - Predators : 1 - Rangers : 4.
8:18 of 2nd period - Milan Lucic wins face-off versus Mikael Granlund in neutral zone.
8:45 of 2nd period - Kyle Okposo is hit by Ryan Kesler and loses puck.
9:49 of 2nd period - Alexander Edler is hit by James Neal and loses puck.
10:02 of 2nd period - Slapshot by Cam Barker.
10:02 of 2nd period - Stopped by Viktor Fasth with a rebound.
10:04 of 2nd period - Slapshot by Mark Fistric.
10:04 of 2nd period - Shot Misses the Net.
10:08 of 2nd period - Penalty to Colten Teubert is over, Colten Teubert is back on ice.
10:20 of 2nd period - John Moore is hit by Matt Read and loses puck.
10:25 of 2nd period - Snap shot by Matt Read.
10:25 of 2nd period - Deflect By Artem Anisimov.
10:25 of 2nd period - Shot Misses the Net.
10:25 of 2nd period - Puck is out of play.
10:26 of 2nd period - Artem Anisimov wins face-off versus Nik Antropov in Predators zone.
10:41 of 2nd period - Snap shot by Brendan Gallagher.
10:41 of 2nd period - Shot Misses the Net.
10:51 of 2nd period - Colten Teubert is hit by George Parros.
11:16 of 2nd period - Luke Schenn is hit by Alex Killorn and loses puck.
11:52 of 2nd period - Magnus Paajarvi-Svensson is hit by Alexander Steen and loses puck.
12:01 of 2nd period - Slapshot by Mark Fistric.
12:01 of 2nd period - Shot Blocked by Denis Grebeshkov.
12:03 of 2nd period - Snap shot by Magnus Paajarvi-Svensson.
12:03 of 2nd period - Deflect By Seth Griffith.
12:03 of 2nd period - Goal by Seth Griffith - Predators : 1 - Rangers : 5.
12:03 of 2nd period - Anders Lindback enters game.
12:04 of 2nd period - Tomas Hertl wins face-off versus Mikael Granlund in neutral zone.
12:30 of 2nd period - Maxime Sauvé is hit by Ryan Kesler and loses puck.
12:55 of 2nd period - Mark Fistric is hit by Alexander Steen.
13:01 of 2nd period - Wrist shot by Matt Read.
13:01 of 2nd period - Shot Misses the Net.
13:39 of 2nd period - Slapshot by Milan Lucic.
13:39 of 2nd period - Shot Misses the Net.
13:57 of 2nd period - Slapshot by Chris Bourque.
13:57 of 2nd period - Shot Blocked by John Moore.
14:07 of 2nd period - Wrist shot by Chris Bourque.
14:07 of 2nd period - Stopped by Anders Lindback without a rebound.
14:08 of 2nd period - Ryan Kesler wins face-off versus Maxime Sauvé in Predators zone.
14:21 of 2nd period - Wrist shot by Niclas Bergfors.
14:21 of 2nd period - Stopped by Mike Condon without a rebound.
14:22 of 2nd period - Tomas Hertl wins face-off versus Nik Antropov in Rangers zone.
14:35 of 2nd period - John Moore is hit by Milan Lucic and loses puck.
15:04 of 2nd period - Wrist shot by Milan Lucic.
15:04 of 2nd period - Shot Misses the Net.
15:06 of 2nd period - Wrist shot by Jakob Silfverberg.
15:06 of 2nd period - Stopped by Anders Lindback with a rebound.
15:52 of 2nd period - Wrist shot by Milan Lucic.
15:52 of 2nd period - Shot Blocked by John Moore.
16:06 of 2nd period - Wrist shot by Jakob Silfverberg.
16:06 of 2nd period - Deflect By Ryan Kesler.
16:06 of 2nd period - Stopped by Anders Lindback without a rebound.
16:07 of 2nd period - Mikael Granlund wins face-off versus Maxime Sauvé in Predators zone.
16:44 of 2nd period - Slapshot by Alexander Steen.
16:44 of 2nd period - Stopped by Mike Condon with a rebound.
16:56 of 2nd period - Minor Penalty to Matt Greene for Hooking.
16:57 of 2nd period - Mikael Granlund wins face-off versus Seth Griffith in Rangers zone.
17:08 of 2nd period - Snap shot by Alexander Ovechkin.
17:08 of 2nd period - Shot Misses the Net.
17:10 of 2nd period - Slapshot by Alexander Edler.
17:10 of 2nd period - Goal by Alexander Edler - Predators : 2 - Rangers : 5.
17:11 of 2nd period - Maxime Sauvé wins face-off versus Mikael Granlund in neutral zone.
17:24 of 2nd period - Wrist shot by Kyle Okposo.
17:24 of 2nd period - Shot Misses the Net.
17:26 of 2nd period - Slapshot by Luke Schenn.
17:26 of 2nd period - Stopped by Anders Lindback without a rebound.
17:27 of 2nd period - Tomas Hertl wins face-off versus Nik Antropov in Predators zone.
17:30 of 2nd period - Snap shot by Jakob Silfverberg.
17:30 of 2nd period - Shot Misses the Net.
17:32 of 2nd period - Slapshot by Jakob Silfverberg.
17:32 of 2nd period - Stopped by Anders Lindback without a rebound.
17:33 of 2nd period - Nik Antropov wins face-off versus Tomas Hertl in Predators zone.
17:38 of 2nd period - Milan Lucic is hit by Nik Antropov and loses puck.
17:45 of 2nd period - Alexander Edler is hit by Jakob Silfverberg.
17:49 of 2nd period - Wrist shot by Milan Lucic.
17:49 of 2nd period - Shot Blocked by Ryan Mcdonagh.
18:22 of 2nd period - Wrist shot by Niclas Bergfors.
18:22 of 2nd period - Goal by Niclas Bergfors - Predators : 3 - Rangers : 5.
18:23 of 2nd period - Tomas Hertl wins face-off versus Mikael Granlund in neutral zone.
18:27 of 2nd period - Minor Penalty to Alexander Ovechkin for Holding.
18:28 of 2nd period - Tomas Hertl wins face-off versus Justin Abdelkader in Predators zone.
18:43 of 2nd period - Slapshot by Kyle Okposo.
18:43 of 2nd period - Shot Misses the Net.
18:45 of 2nd period - Snap shot by Luke Schenn.
18:45 of 2nd period - Shot Blocked by Ryan Mcdonagh.
19:00 of 2nd period - Mikael Granlund is hit by Maxime Sauvé and loses puck.
19:08 of 2nd period - Icing by Artem Anisimov.
19:09 of 2nd period - Maxime Sauvé wins face-off versus Justin Abdelkader in Rangers zone.
19:34 of 2nd period - Snap shot by Chris Bourque.
19:34 of 2nd period - Stopped by Anders Lindback with a rebound.
19:54 of 2nd period - Wrist shot by Chris Bourque.
19:54 of 2nd period - Shot Blocked by John Moore.
19:56 of 2nd period - Slapshot by Cam Barker.
19:56 of 2nd period - Stopped by Anders Lindback with a rebound.
19:58 of 2nd period - Snap shot by Maxime Sauvé.
19:58 of 2nd period - Deflect By Jakob Silfverberg.
19:58 of 2nd period - Goal by Jakob Silfverberg - Predators : 3 - Rangers : 6.
19:59 of 2nd period - Seth Griffith wins face-off versus Mikael Granlund in neutral zone.
Goals for this period are 3 for Predators vs 3 for Rangers.
Shots for this period are 12 for Predators vs 14 for Rangers.
3rd period
0:01 of 3rd period - Mikael Granlund wins face-off versus Tomas Hertl in neutral zone.
0:12 of 3rd period - Slapshot by Alexander Ovechkin.
0:12 of 3rd period - Stopped by Mike Condon without a rebound.
0:13 of 3rd period - Maxime Sauvé wins face-off versus Mikael Granlund in Rangers zone.
0:23 of 3rd period - Kyle Okposo is hit by Ryan Mcdonagh and loses puck.
2:31 of 3rd period - Ryan Mcdonagh is hit by Chris Bourque and loses puck.
3:17 of 3rd period - Wrist shot by Milan Lucic.
3:17 of 3rd period - Deflect By Jakob Silfverberg.
3:17 of 3rd period - Stopped by Anders Lindback with a rebound.
3:19 of 3rd period - Snap shot by Tomas Hertl.
3:19 of 3rd period - Shot Blocked by Niclas Bergfors.
3:21 of 3rd period - Slapshot by Cam Barker.
3:21 of 3rd period - Deflect By Milan Lucic.
3:21 of 3rd period - Stopped by Anders Lindback without a rebound.
3:22 of 3rd period - Kyle Okposo wins face-off versus Mikael Granlund in Predators zone.
3:33 of 3rd period - Wrist shot by James Neal.
3:33 of 3rd period - Goal by James Neal - Predators : 3 - Rangers : 7.
3:34 of 3rd period - Maxim Afinogenov wins face-off versus Tomas Hertl in neutral zone.
3:46 of 3rd period - Icing by Luke Schenn.
3:47 of 3rd period - Mikael Granlund wins face-off versus Jakob Silfverberg in Rangers zone.
4:33 of 3rd period - Wrist shot by Alex Killorn.
4:33 of 3rd period - Shot Misses the Net.
4:40 of 3rd period - Minor Penalty to Alexander Steen for Tripping.
4:41 of 3rd period - Tomas Hertl wins face-off versus Alexander Ovechkin in Predators zone.
4:48 of 3rd period - Wrist shot by Milan Lucic.
4:48 of 3rd period - Shot Blocked by Alexander Ovechkin.
5:08 of 3rd period - Alexander Ovechkin is hit by James Neal and loses puck.
6:29 of 3rd period - Maxime Sauvé is hit by Maxim Afinogenov and loses puck.
6:40 of 3rd period - Penalty to Alexander Steen is over, Alexander Steen is back on ice.
6:50 of 3rd period - Snap shot by Steve Quailer.
6:50 of 3rd period - Shot Misses the Net.
6:52 of 3rd period - Slapshot by Matt Greene.
6:52 of 3rd period - Stopped by Anders Lindback without a rebound.
6:53 of 3rd period - Ryan Kesler wins face-off versus Steve Quailer in Predators zone.
7:02 of 3rd period - Slapshot by Ryan Kesler.
7:02 of 3rd period - Stopped by Mike Condon with a rebound.
7:39 of 3rd period - Matt Greene is hit by Alexander Steen and loses puck.
8:08 of 3rd period - Wrist shot by Ryan Kesler.
8:08 of 3rd period - Shot Misses the Net.
8:10 of 3rd period - Wrist shot by Alex Killorn.
8:10 of 3rd period - Shot Blocked by Jakob Silfverberg.
8:17 of 3rd period - Icing by Luke Schenn.
8:18 of 3rd period - Mikael Granlund wins face-off versus Maxime Sauvé in Rangers zone.
9:11 of 3rd period - Snap shot by Alexander Steen.
9:11 of 3rd period - Stopped by Mike Condon with a rebound.
9:47 of 3rd period - Chris Bourque is hit by Alexander Ovechkin and loses puck.
10:10 of 3rd period - Jakob Silfverberg is hit by Ryan Kesler and loses puck.
10:31 of 3rd period - Slapshot by James Neal.
10:31 of 3rd period - Stopped by Anders Lindback with a rebound.
10:33 of 3rd period - Slapshot by James Neal.
10:33 of 3rd period - Stopped by Anders Lindback with a rebound.
10:35 of 3rd period - Snap shot by Kyle Okposo.
10:35 of 3rd period - Shot Misses the Net.
10:37 of 3rd period - Snap shot by Matt Greene.
10:37 of 3rd period - Stopped by Anders Lindback without a rebound.
10:38 of 3rd period - Mikael Granlund wins face-off versus Maxime Sauvé in Predators zone.
10:46 of 3rd period - Off-side.
10:47 of 3rd period - Mikael Granlund wins face-off versus Maxime Sauvé in neutral zone.
11:20 of 3rd period - Kyle Okposo is hit by Maxim Afinogenov and loses puck.
11:53 of 3rd period - Snap shot by Kyle Okposo.
11:53 of 3rd period - Stopped by Anders Lindback with a rebound.
11:55 of 3rd period - Snap shot by Maxime Sauvé.
11:55 of 3rd period - Shot Blocked by Justin Faulk.
12:04 of 3rd period - Off-side.
12:05 of 3rd period - Tomas Hertl wins face-off versus Ryan Kesler in neutral zone.
12:51 of 3rd period - Snap shot by Andy Miele.
12:51 of 3rd period - Shot Blocked by Steve Quailer.
13:21 of 3rd period - Wrist shot by Milan Lucic.
13:21 of 3rd period - Goal by Milan Lucic - Predators : 3 - Rangers : 8.
13:22 of 3rd period - Mikael Granlund wins face-off versus Tomas Hertl in neutral zone.
13:35 of 3rd period - Wrist shot by Jakob Silfverberg.
13:35 of 3rd period - Shot Misses the Net.
13:37 of 3rd period - Wrist shot by Jakob Silfverberg.
13:37 of 3rd period - Shot Misses the Net.
13:39 of 3rd period - Backhand shot by Luke Schenn.
13:39 of 3rd period - Stopped by Anders Lindback with a rebound.
14:41 of 3rd period - Wrist shot by Andy Miele.
14:41 of 3rd period - Stopped by Mike Condon without a rebound.
14:42 of 3rd period - Tomas Hertl wins face-off versus Mikael Granlund in Rangers zone.
14:59 of 3rd period - Snap shot by Jakob Silfverberg.
14:59 of 3rd period - Shot Blocked by Mikael Granlund.
15:38 of 3rd period - Slapshot by Chris Bourque.
15:38 of 3rd period - Stopped by Anders Lindback with a rebound.
15:58 of 3rd period - Snap shot by Steve Quailer.
15:58 of 3rd period - Stopped by Anders Lindback without a rebound.
15:59 of 3rd period - Mikael Granlund wins face-off versus Tomas Hertl in Predators zone.
15:59 of 3rd period - Mikael Granlund is hit by Luke Schenn.
16:13 of 3rd period - Wrist shot by Alexander Ovechkin.
16:13 of 3rd period - Goal by Alexander Ovechkin - Predators : 4 - Rangers : 8.
16:14 of 3rd period - Tomas Hertl wins face-off versus Mikael Granlund in neutral zone.
16:49 of 3rd period - Ryan Mcdonagh is hit by Jakob Silfverberg and loses puck.
16:56 of 3rd period - Snap shot by Milan Lucic.
16:56 of 3rd period - Shot Blocked by Alexander Edler.
16:58 of 3rd period - Wrist shot by Tomas Hertl.
16:58 of 3rd period - Goal by Tomas Hertl - Predators : 4 - Rangers : 9.
16:59 of 3rd period - Maxime Sauvé wins face-off versus Maxim Afinogenov in neutral zone.
17:20 of 3rd period - Minor Penalty to Justin Faulk for Roughing.
17:21 of 3rd period - Kyle Okposo wins face-off versus Alexander Ovechkin in Predators zone.
17:36 of 3rd period - Wrist shot by Kyle Okposo.
17:36 of 3rd period - Goal by Kyle Okposo - Predators : 4 - Rangers : 10.
17:37 of 3rd period - Mikael Granlund wins face-off versus Jakob Silfverberg in neutral zone.
17:40 of 3rd period - Slapshot by Alexander Edler.
17:40 of 3rd period - Deflect By Jakob Silfverberg.
17:40 of 3rd period - Stopped by Mike Condon without a rebound.
17:41 of 3rd period - Tomas Hertl wins face-off versus Mikael Granlund in Rangers zone.
18:25 of 3rd period - Minor Penalty to James Neal for Tripping.
18:26 of 3rd period - Mikael Granlund wins face-off versus Milan Lucic in Rangers zone.
18:35 of 3rd period - Slapshot by Mikael Granlund.
18:35 of 3rd period - Shot Misses the Net.
19:40 of 3rd period - Icing by Denis Grebeshkov.
19:41 of 3rd period - Tomas Hertl wins face-off versus Mikael Granlund in Predators zone.
19:56 of 3rd period - Snap shot by Ryan Kesler.
19:56 of 3rd period - Stopped by Mike Condon with a rebound.
Goals for this period are 1 for Predators vs 4 for Rangers.
Shots for this period are 7 for Predators vs 14 for Rangers.
Back to the Top